 Dungeon Sprint DCSS version 0.28-a0-1518-gbe868bca14 (webtiles) character file.

Game seed: 8726969891466877551

5021024 mhtbhm the End of an Era (level 20, 216/216 HPs)
             Began as a Minotaur Fighter on Jan 16, 2022.
             Was the Champion of Qazlal.
             Escaped with the Orb
             ... and 3 runes!
             The game lasted 00:31:57 (12742 turns).

mhtbhm the End of an Era (Minotaur Fighter)        Turns: 12742, Time: 00:31:57

Health: 216/216    AC: 48    Str: 33    XL:     20   Next: 83%
Magic:  58/58      EV: 17    Int:  9    God:    Qazlal [******]
Gold:   333        SH: 32    Dex: 12    Spells: 47/53 levels left

rFire   + + .      SeeInvis +   a - +11 hand axe of the Skies Above {speed, *Rage rElec rF++ Str-3}
rCold   + + .      Faith    .   c - +2 kite shield {rC+}
rNeg    + + .      Spirit   .   b - +10 gold dragon scales of the Constellations {rPois rF+ rC+ MP+9 Str+3 Int+4 Stlth+}
rPois   +          Reflect  +   P - +0 hat "Zotojie" {rPois Dex+2}
rElec   +          Harm     .   H - +1 cloak
rCorr   +          Rampage  +   F - +4 pair of gloves
Will    +....      Rage     20% G - +0 pair of boots {rampage}
Stlth   .......... NoTele   +   C - amulet "Bigah" {Reflect rElec rF- SH+5 SInv Stlth+}
HPRegen 0.46/turn               n - ring of the Devil's Advocate {rN++ MP+9 Slay+5}
MPRegen 0.36/turn               R - ring of Acsi {rCorr Str+5 Dex-2 Slay+5}

@: on berserk cooldown, studying 3 skills, repel missiles
A: horns 2, retaliatory headbutt
0: Orb of Zot
}: 3/3 runes: silver, golden, iron
a: Renounce Religion, Upheaval, Elemental Force, Disaster Area


You escaped.
You worshipped Qazlal.
Qazlal was exalted by your worship.
You visited 1 branch You collected 333 gold pieces.

Inventory:

Hand Weapons
 a - the +11 hand axe of the Skies Above (weapon) {speed, *Rage rElec rF++ Str-3}
   (You found it in the Dungeon)

   Attacks with this weapon are significantly faster.
   Str:       It affects your strength (-3).
   rF:        It greatly protects you from fire.
   rElec:     It insulates you from electricity.
   *Rage:     It berserks you when you make melee attacks (+20% chance).
 q - a +5 eudemon blade of holy wrath
 r - a +1 broad axe of freezing
Missiles
 t - 6 curare-tipped darts (quivered)
 D - 2 silver javelins
Armour
 b - the +10 gold dragon scales of the Constellations (worn) {rPois rF+ rC+ MP+9 Str+3 Int+4 Stlth+}
   (You found it in the Dungeon)

   Str:       It affects your strength (+3).
   Int:       It affects your intelligence (+4).
   rF:        It protects you from fire.
   rC:        It protects you from cold.
   rPois:     It protects you from poison.
   MP:        It affects your magic capacity (+9).
   Stlth:     It makes you more stealthy.
 c - a +2 kite shield of cold resistance (worn)
 F - a +4 pair of gloves (worn)
 G - a +0 pair of boots of rampaging (worn)
 H - a +1 cloak (worn)
 P - the +0 hat "Zotojie" (worn) {rPois Dex+2}
   (You found it in the Dungeon)

   Dex:       It affects your dexterity (+2).
   rPois:     It protects you from poison.
Jewellery
 n - the ring of the Devil's Advocate (left hand) {rN++ MP+9 Slay+5}
   (You found it in the Dungeon)

   [ring of slaying]

   Slay:      It affects your accuracy & damage with ranged weapons and melee
   (+5).
   rN:        It greatly protects you from negative energy.
   MP:        It affects your magic capacity (+9).
 C - the amulet "Bigah" (around neck) {Reflect rElec rF- SH+5 SInv Stlth+}
   (You found it in the Dungeon)

   [amulet of reflection]

   It reflects blocked missile attacks.
   rF:        It makes you vulnerable to fire.
   rElec:     It insulates you from electricity.
   SInv:      It lets you see invisible.
   SH:        It affects your SH (+5).
   Stlth:     It makes you more stealthy.
 R - the ring of Acsi (right hand) {rCorr Str+5 Dex-2 Slay+5}
   (You found it in the Dungeon)

   [ring of slaying]

   Str:       It affects your strength (+5).
   Dex:       It affects your dexterity (-2).
   Slay:      It affects your accuracy & damage with ranged weapons and melee
   (+5).
   rCorr:     It protects you from acid and corrosion.
 S - the ring of the Ban {rF+ rN++ MP+9 Dex-2 Stlth+}
   (You found it in the Dungeon)

   [ring of magical power]

   Dex:       It affects your dexterity (-2).
   rF:        It protects you from fire.
   rN:        It greatly protects you from negative energy.
   MP:        It affects your magic capacity (+9).
   Stlth:     It makes you more stealthy.
 X - the ring of Vizutaoh {AC+6 Str+4 Int+4 Dex-3}
   (You found it in the Dungeon)

   [ring of protection]

   AC:        It affects your AC (+6).
   Str:       It affects your strength (+4).
   Int:       It affects your intelligence (+4).
   Dex:       It affects your dexterity (-3).
 Y - the amulet "Suafual" {Reflect Fly rC++ Dex-4 SH+5 SInv}
   (You found it in the Dungeon)

   [amulet of reflection]

   It reflects blocked missile attacks.
   Dex:       It affects your dexterity (-4).
   rC:        It greatly protects you from cold.
   SInv:      It lets you see invisible.
   Fly:       It grants you flight.
   SH:        It affects your SH (+5).
Wands
 I - a wand of charming (4)
 J - a wand of acid (4)
 O - a wand of iceblast (6)
Scrolls
 j - a scroll of blinking
 l - 6 scrolls of amnesia
 m - 2 scrolls of summoning
 u - 2 scrolls of enchant weapon
 v - 10 scrolls of identify
 w - 6 scrolls of fog
 y - 5 scrolls of fear
 z - 2 scrolls of enchant armour
 N - 2 scrolls of holy word
Potions
 d - 3 potions of might
 e - 10 potions of curing
 f - 30 potions of heal wounds
 g - 10 potions of haste
 h - 8 potions of magic
 i - 12 potions of berserk rage
 k - 2 potions of invisibility
 o - 4 potions of brilliance
 p - 7 potions of mutation
 s - a potion of cancellation
 x - 2 potions of resistance
 L - a potion of ambrosia
 U - 2 potions of flight
Miscellaneous
 A - a phantom mirror
 E - a box of beasts


   Skills:
 O Level 27 Fighting
 - Level 3.1(3.6) Short Blades
 - Level 3.1(3.9) Long Blades
 O Level 27 Axes
 - Level 3.1(18.4) Maces & Flails
 - Level 3.1(18.4) Polearms
 - Level 3.2(4.4) Staves
 - Level 2.8(17.2) Slings
 - Level 3.2 Bows
 - Level 2.1 Crossbows
 + Level 23.7 Throwing
 O Level 27 Armour
 O Level 27 Dodging
 - Level 1.1 Stealth
 O Level 27 Shields
 - Level 2.1 Unarmed Combat
 + Level 17.4 Spellcasting
 - Level 2.1 Conjurations
 - Level 2.0 Hexes
 - Level 2.0 Summonings
 - Level 2.0 Necromancy
 - Level 2.0 Translocations
 + Level 20.3 Transmutations
 - Level 2.0 Fire Magic
 - Level 3.2 Ice Magic
 - Level 2.1 Air Magic
 + Level 20.3 Earth Magic
 - Level 2.1 Poison Magic
 O Level 27 Invocations
 O Level 27 Evocations


You had 47 spell levels left.
You knew the following spells:

 Your Spells              Type           Power      Damage    Failure   Level
a - Statue Form           Tmut/Erth      29%        N/A       1%          6

Your spell library contained the following spells:

 Spells                   Type           Power      Damage    Failure   Level
 Beastly Appendage        Tmut           88%        N/A       0%          1
 Sandblast                Erth           88%        2d18      0%          1
 Passwall                 Tmut/Erth      36%        N/A       0%          2
 Wereblood                Tmut           44%        N/A       0%          2
 Sting                    Tmut/Pois      100%       1d8       1%          1
 Spider Form              Tmut/Pois      28%        N/A       1%          3
 Stone Arrow              Conj/Erth      56%        3d10      1%          3
 Blade Hands              Tmut           22%        N/A       1%          5
 Lee's Rapid Deconstruct  Erth           22%        3d13*     1%          5
 Ignite Poison            Fire/Tmut/Pois 22%        N/A       3%          3
 Animate Armour           Summ/Erth      56%        N/A       3%          4
 Freeze                   Ice            52%        1d7       9%          1
 Alistair's Intoxication  Tmut/Pois      18%        N/A       9%          5
 Borgnjor's Vile Clutch   Necr/Erth      14%        N/A       9%          5
 Animate Skeleton         Necr           22%        N/A       13%         1
 Apportation              Tloc           22%        N/A       13%         1
 Foxfire                  Conj/Fire      44%        2x1d6     13%         1
 Magic Dart               Conj           44%        1d5       13%         1
 Shock                    Conj/Air       44%        1d5       13%         1
 Summon Small Mammal      Summ           44%        N/A       13%         1
 Poisonous Vapours        Pois/Air       22%        N/A       19%         2
 Call Imp                 Summ           11%        N/A       21%         2
 Corpse Rot               Necr/Air       22%        N/A       21%         2
 Sublimation of Blood     Necr           11%        N/A       21%         2
 Frozen Ramparts          Ice            26%        1d4       26%         3
 Ozocubu's Armour         Ice            13%        N/A       26%         3
 Call Canine Familiar     Summ           11%        N/A       36%         3
 Conjure Flame            Conj/Fire      11%        6-21      36%         3
 Mephitic Cloud           Conj/Pois/Air  11%        N/A       36%         3
 Teleport Other           Tloc           11%        N/A       36%         3
 Vampiric Draining        Necr           11%        2d6       36%         3
 Dazzling Flash           Conj/Hex       22%        N/A       38%         3
 Inner Flame              Hex/Fire       11%        N/A       38%         3
 Portal Projectile        Hex/Tloc       22%        N/A       38%         3
 Summon Guardian Golem    Hex/Summ       11%        N/A       38%         3
 Eringya's Noxious Bog    Tmut/Pois      14%        N/A       43%         6
 Iron Shot                Conj/Erth      14%        9d4       43%         6
 Hailstorm                Conj/Ice       12%        3d5       71%         4
 Summon Ice Beast         Ice/Summ       12%        N/A       71%         4
 Olgreb's Toxic Radiance  Pois           11%        N/A       77%         4
 Animate Dead             Necr           5%         N/A       78%         4
 Flame Wave               Conj/Fire      11%        2d5       78%         4
 Storm Form               Tmut/Air       14%        N/A       95%         7
 Metabolic Englaciation   Hex/Ice        6%         N/A       96%         5
 Freezing Cloud           Conj/Ice/Air   6%         6-21      97%         5
 Agony                    Necr           11%        N/A       98%         5
 Manifold Assault         Tloc           11%        N/A       98%         5
 Summon Forest            Summ/Tloc      5%         N/A       98%         5
 Summon Mana Viper        Hex/Summ       11%        N/A       98%         5
 Conjure Ball Lightning   Conj/Air       5%         3x3d6     100%        6
 Starburst                Conj/Fire      5%         6d4       100%        6
 Summon Cactus Giant      Summ           5%         N/A       100%        6
 Malign Gateway           Summ/Tloc      5%         N/A       100%        7
 Monstrous Menagerie      Summ           5%         N/A       100%        7
 Ozocubu's Refrigeration  Ice            6%         4d6       100%        7
 Summon Hydra             Summ           5%         N/A       100%        7
 Borgnjor's Revivificati  Necr           5%         N/A       100%        8
 Discord                  Hex            5%         N/A       100%        8
 Disjunction              Tloc           5%         N/A       100%        8
 Necromutation            Tmut/Necr      14%        N/A       100%        8
 Chain Lightning          Conj/Air       5%         3d7       100%        9
 Death's Door             Necr           5%         N/A       100%        9


Dungeon Overview and Level Annotations

Branches:
Dungeon (1/1)

Altars:
Ashenzari
Cheibriados
Dithmenos
Elyvilon
Fedhas
Gozag
Hepliaklqana
Kikubaaqudgha
Makhleb
Nemelex Xobeh
Okawaru
Qazlal
Ru
Sif Muna
Trog
Uskayaw
Vehumet
Wu Jian
Xom
Yredelemnul
Zin
The Shining One
Beogh
Jiyva
Lugonu


Innate Abilities, Weirdness & Mutations

You have a pair of horns on your head.
You reflexively headbutt those who attack you in melee.


Message History

The glowing orange brain pulsates.
You see a puff of smoke.
The glowing orange brain pulsates ominously.
You slash the glowing orange brain!
The glowing orange brain is moderately wounded.
You barely miss the glowing orange brain.
The glowing orange brain is moderately wounded.
You slash the small abomination!
Unknown command.
You slash the glowing orange brain!
The glowing orange brain is heavily wounded.
You slash the small abomination!
You block the small abomination's attack.
You slice the glowing orange brain!! You headbutt the glowing orange brain!
You kill the glowing orange brain!
Qazlal accepts your kill.
The small abomination dissolves into shadows!
Unknown command.
A shadow demon comes into view.
You barely miss the shadow demon. You block the shadow demon's attack.
You hit the shadow demon. Your headbutt misses the shadow demon.
The shadow demon is lightly wounded.
The shadow demon gestures.
You see a puff of smoke. x2
You hit the shadow demon. You headbutt the shadow demon!
The shadow demon is moderately wounded.
You slice the shadow demon!! You headbutt the shadow demon.
The shadow demon is almost dead.
You block the shadow demon's attack.
You slice the shadow demon!!
You kill the shadow demon!
Qazlal accepts your kill.
The small abomination dissolves into shadows!
There is a huge open gate to the Metal Vault (Medium), spattered with blood here.
There is a huge open gate to the Metal Vault (Medium) here.
There is a huge open gate to the Metal Vault (Medium), spattered with blood here.
You feel yourself speed up.
There is an open door to the Entrance Hall (Safe) here.
There is a staircase leading out of the dungeon here.
You have escaped!

##########.##................''..
#..........)'................''..
#'#####)#####......#..#......##..
#.#...#.#..##................##..
#.#...#.#))#####'#####''#########
#.#...).#))##.......##''#########
#.##'####))##...°°..##......'..'.
#.#.....#[.##.......##......'..')
#.#.....#'###.○.@○..##.....##..##
#)#........##...°°..##...###....#
#)#........##.§.○...##..##.......
#'###########.......##''#)..#..#.
#.......#..###########...........
#..#.#..#.############''#)..#..#.
#.##.##.#.#....#..[.##..##.......
#.......#'#....#..[[##...###....#
#.##.##.#.)....'..).##.....##..##


There were no monsters in sight!

Vanquished Creatures
  Dissolution (D)
  the Serpent of Hell (D)
  Lom Lobon (D)
  8 ancient liches (D)
  2 orbs of fire (D)
  Mara (D)
  Mennas (D)
  Boris (D)
  10 pandemonium lords (D)
  6 royal mummies (D)
  Margery (D)
  2 Killer Klowns (D)
  A curse toe (D)
  Xtahua (D)
  Nikola (D)
  3 pearl dragons (D)
  A profane servitor (D)
  A Tzitzimitl (D)
  2 Brimstone Fiends (D)
  3 electric golems (D)
  2 tentacled monstrosities (D)
  27 Orb Guardians (D)
  4 Ice Fiends (D)
  15 titans (D)
  3 Hell Sentinels (D)
  5 deep elf blademasters (D)
  2 death cobs (D)
  3 acid blobs (D)
  2 sphinxes (D)
  2 quicksilver dragons (D)
  Murray (D)
  2 Executioners (D)
  5 shadow dragons (D)
  An azure jelly (D)
  3 storm dragons (D)
  Donald (D)
  3 daevas (D)
  A rockslime (D)
  7 nagarajas (D)
  A draconian monk (D)
  An iron dragon (D)
  A draconian scorcher (D)
  2 draconian knights (D)
  3 deep elf sorcerers (D)
  13 fire giants (D)
  14 frost giants (D)
  2 cacodemons (D)
  13 orc warlords (D)
  5 balrugs (D)
  An emperor scorpion (D)
  3 reapers (D)
  2 draconian annihilators (D)
  A draconian stormcaller (D)
  3 angels (D)
  3 war gargoyles (D)
  A spriggan defender (D)
  A ghoul (D)
  19 stone giants (D)
  2 green draconians (D)
  Nessos (D)
  4 black draconians (D)
  2 vampire knights (D)
  A deep elf annihilator (D)
  A deep elf demonologist (D)
  2 red draconians (D)
  2 lorocyprocas (D)
  2 purple draconians (D)
  A yellow draconian (D)
  A dire elephant (D)
  A white draconian (D)
  A blizzard demon (D)
  2 mummy priests (D)
  3 deep elf death magi (D)
  A merfolk javelineer (D)
  3 fire dragons (D)
  12 ettins (D)
  3 green deaths (D)
  2 deep elf high priests (D)
  4 vault guards (D)
  2 yaktaur captains (D)
  A great orb of eyes (D)
  Erolcha (D)
  A rakshasa (D)
  3 ice dragons (D)
  Josephine (D)
  3 hydras (D)
  An ogre mage (D)
  A death knight (D)
  3 naga warriors (D)
  A catoblepas (D)
  3 merfolk avatars (D)
  A merfolk aquamancer (D)
  A death yak (D)
  A vampire mage (D)
  3 hell hogs (D)
  6 orc high priests (D)
  3 hell knights (D)
  3 sun demons (D)
  4 spriggan berserkers (D)
  Sonja (D)
  A soul eater (D)
  2 deep elf knights (D)
  A spriggan (D)
  3 sixfirhies (D)
  2 fire crabs (D)
  An iron troll (D)
  A deep troll (D)
  A glowing orange brain (D)
  A spriggan druid (D)
  3 cherubim (D)
  A shadow demon (D)
  28 orc knights (D)
  A lindwurm (D)
  2 deep elf pyromancers (D)
  2 necromancers (D)
  12 harpies (D)
  5 wizards (D)
  A phantasmal warrior (D)
  2 ugly things (D)
  A wolf spider (shapeshifter) (D)
  15 cyclopes (D)
  A wolf spider (D)
  5 orc sorcerers (D)
  A moth of wrath (D)
  An elephant (D)
  2 guardian serpents (D)
  A merfolk siren (D)
  2 orange demons (D)
  A smoke demon (D)
  A hellion (D)
  A rime drake (D)
  3 unseen horrors (D)
  2 demonic crawlers (D)
  2 large abominations (D)
  6 yaktaurs (D)
  A hellwing (D)
  3 efreet (D)
  A guardian mummy (D)
  3 wandering mushrooms (D)
  A polar bear (D)
  A tarantella (D)
  3 merfolk (D)
  A wind drake (D)
  A hornet (D)
  4 blink frogs (D)
  3 flying skulls (D)
  A shadow (D)
  A jumping spider (D)
  6 wraiths (D)
  A vampire (D)
  A ynoxinul (D)
  6 yaks (D)
  A fire bat (D)
  2 golden eyes (D)
  A neqoxec (D)
  A basilisk (D)
  A human (shapeshifter) (D)
  6 redbacks (D)
  2 wargs (D)
  Edmund (D)
  A water moccasin (D)
  A floating eye (D)
  3 ice beasts (D)
  25 orc warriors (D)
  3 necrophages (D)
  6 wolves (D)
  An ogre (D)
  A phantom (D)
  A bullfrog (D)
  9 killer bees (D)
  2 crimson imps (D)
  An orc priest (D)
  An iron imp (D)
  2 hell rats (D)
  A mummy (D)
  2 gnolls (D)
  3 river rats (D)
  2 adder zombies (D)
  An adder simulacrum (D)
  7 orcs (D)
  A bat skeleton (D)
  2 bat zombies (D)
  A giant cockroach (D)
  7 jackals (D)
  A ball python simulacrum (D)
  2 ball python skeletons (D)
  A frilled lizard (D)
  2 goblins (D)
  3 quokka skeletons (D)
  A rat (D)
  2 ball lightnings (D)
585 creatures vanquished.

Vanquished Creatures (collateral kills)
  A deep elf knight (D)
  A yaktaur (D)
2 creatures vanquished.

Vanquished Creatures (others)
  A titan (D)
  A deep elf master archer (D)
  A draconian stormcaller (D)
  A fire dragon (D)
  A golden eye (D)
  An orc (D)
6 creatures vanquished.

Grand Total: 593 creatures vanquished

Notes
Turn   | Place    | Note
-------+----------+-------------------------------------------
     0 | D        | mhtbhm the Minotaur Fighter began the quest for the Orb.
     0 | D        | Reached XP level 1. HP: 19/19 MP: 0/0
    19 | D        | Found a bloodstained altar of Trog.
    19 | D        | Found a shimmering blue altar of Sif Muna.
    19 | D        | Found a viscous altar of Jiyva.
    19 | D        | Found a hazy altar of Hepliaklqana.
    19 | D        | Found an opulent altar of Gozag.
    20 | D        | Found a glowing golden altar of the Shining One.
    20 | D        | Found a glowing silver altar of Zin.
    20 | D        | Found a basalt altar of Yredelemnul.
    20 | D        | Found a shimmering altar of Xom.
    20 | D        | Found an ornate altar of the Wu Jian Council.
    20 | D        | Found a sacrificial altar of Ru.
    20 | D        | Found a stormy altar of Qazlal.
    20 | D        | Found an iron altar of Okawaru.
    20 | D        | Found a sparkling altar of Nemelex Xobeh.
    20 | D        | Found a burning altar of Makhleb.
    20 | D        | Found a blossoming altar of Fedhas.
    20 | D        | Found a white marble altar of Elyvilon.
    20 | D        | Found a shadowy altar of Dithmenos.
    20 | D        | Found a snail-covered altar of Cheibriados.
    22 | D        | Found a radiant altar of Vehumet.
    22 | D        | Found a corrupted altar of Lugonu.
    23 | D        | Found a hide-covered altar of Uskayaw.
    23 | D        | Found an ancient bone altar of Kikubaaqudgha.
    23 | D        | Found a broken altar of Ashenzari.
    27 | D        | Became a worshipper of Qazlal Stormbringer
    74 | D        | Reached XP level 2. HP: 25/28 MP: 1/1
   101 | D        | Reached * piety under Qazlal
   102 | D        | Reached skill level 5 in Fighting
   105 | D        | Reached skill level 5 in Armour
   105 | D        | Reached skill level 5 in Shields
   105 | D        | Reached XP level 3. HP: 20/36 MP: 2/2
   242 | D        | Reached ** piety under Qazlal
   244 | D        | Noticed a phantom
   249 | D        | Reached skill level 1 in Invocations
   252 | D        | Killed a phantom
   253 | D        | Reached skill level 1 in Dodging
   253 | D        | Reached XP level 4. HP: 29/47 MP: 2/5
   397 | D        | Noticed Edmund
   404 | D        | Noticed an ogre
   416 | D        | Reached XP level 5. HP: 46/52 MP: 6/6
   423 | D        | Killed Edmund
   423 | D        | Reached *** piety under Qazlal
   424 | D        | Reached skill level 5 in Axes
   429 | D        | Killed an ogre
   430 | D        | Reached skill level 5 in Invocations
   430 | D        | Reached XP level 6. HP: 33/62 MP: 6/8
   565 | D        | Noticed a flying skull
   576 | D        | Killed a flying skull
   576 | D        | Reached **** piety under Qazlal
   584 | D        | Noticed an ice beast
   597 | D        | Killed an ice beast
   598 | D        | Reached XP level 7. HP: 65/70 MP: 10/10
   608 | D        | Reached skill level 10 in Armour
   611 | D        | Reached ***** piety under Qazlal
   614 | D        | Reached skill level 10 in Fighting
   614 | D        | Reached skill level 10 in Shields
   659 | D        | Noticed a phantasmal warrior
   659 | D        | Noticed a deep elf pyromancer
   670 | D        | Killed a deep elf pyromancer
   671 | D        | Reached XP level 8. HP: 79/81 MP: 10/12
   682 | D        | Killed a phantasmal warrior
   864 | D        | Reached skill level 10 in Axes
   867 | D        | Reached ****** piety under Qazlal
   868 | D        | Reached XP level 9. HP: 84/89 MP: 14/14
   891 | D        | Noticed a deep elf pyromancer
   892 | D        | Noticed an efreet
   892 | D        | Noticed a hellwing
   898 | D        | Killed a hellwing
   901 | D        | Killed an efreet
   901 | D        | Killed a deep elf pyromancer
   922 | D        | Killed an unseen horror
   952 | D        | Noticed an orc knight
   968 | D        | Killed an orc knight
   969 | D        | Reached skill level 10 in Invocations
   969 | D        | Reached XP level 10. HP: 47/99 MP: 16/16
  1177 | D        | Noticed Josephine
  1190 | D        | Killed Josephine
  1194 | D        | Reached skill level 15 in Axes
  1197 | D        | Noticed an orange demon
  1209 | D        | Killed an orange demon
  1464 | D        | Noticed an orange demon
  1464 | D        | Noticed a large abomination
  1482 | D        | Reached skill level 5 in Dodging
  1482 | D        | Reached XP level 11. HP: 75/108 MP: 18/18
  1666 | D        | Noticed a deep troll
  1666 | D        | Noticed Sonja
  1668 | D        | Noticed a death yak
  1672 | D        | Killed Sonja
  1673 | D        | Reached skill level 15 in Shields
  1677 | D        | Killed a deep troll
  1680 | D        | Killed a death yak
  1923 | D        | Noticed a death cob
  1933 | D        | Killed a death cob
  1934 | D        | Reached skill level 15 in Armour
  1954 | D        | Noticed an orc sorcerer
  1957 | D        | Noticed an orc knight
  1959 | D        | Killed an orc sorcerer
  1960 | D        | Reached skill level 15 in Fighting
  1960 | D        | Noticed an orc sorcerer
  1967 | D        | Killed an orc knight
  1970 | D        | Killed an orc sorcerer
  2182 | D        | Reached XP level 12. HP: 121/121 MP: 21/21
  2539 | D        | Noticed a catoblepas
  2539 | D        | Noticed a nagaraja
  2539 | D        | Noticed a black draconian
  2544 | D        | Killed a catoblepas
  2551 | D        | Killed a black draconian
  2554 | D        | Killed a nagaraja
  2698 | D        | Got the Handbook of the Catamount
  2931 | D        | Noticed a hell hog
  2931 | D        | Noticed Nessos
  2932 | D        | Noticed a hell hog
  2932 | D        | Noticed a five-headed hydra
  2933 | D        | Noticed a merfolk avatar
  2933 | D        | Killed a five-headed hydra
  2933 | D        | Killed a hell hog
  2934 | D        | Killed a merfolk avatar
  2934 | D        | Killed a deep elf sorcerer
  2934 | D        | Killed Nessos
  2934 | D        | Killed a merfolk aquamancer
  2935 | D        | Reached skill level 15 in Invocations
  2935 | D        | Reached XP level 13. HP: 127/133 MP: 5/23
  2977 | D        | Noticed Erolcha
  2978 | D        | Killed Erolcha
  3004 | D        | Noticed a merfolk javelineer
  3011 | D        | Killed a merfolk javelineer
  3089 | D        | Got the +11 hand axe of the Skies Above {speed, *Rage rElec
                  | rF++ Str-3}
  3107 | D        | Got the Almanac of Mutagenic Translocation
  3340 | D        | Noticed a vampire knight
  3341 | D        | Noticed an orc warlord
  3341 | D        | Noticed an orc warlord
  3351 | D        | Paralysed by a vampire knight for 3 turns
  3355 | D        | Killed an orc warlord
  3355 | D        | Killed an orc warlord
  3372 | D        | Killed a vampire knight
  3376 | D        | Reached skill level 1 in Stealth
  3410 | D        | Reached XP level 14. HP: 54/146 MP: 12/26
  3847 | D        | Got the +2 pair of gloves of Sialuvi {Int+3}
  4080 | D        | Noticed a nagaraja
  4086 | D        | Noticed a nagaraja
  4089 | D        | Noticed a sphinx
  4094 | D        | Killed a nagaraja
  4103 | D        | Killed a nagaraja
  4104 | D        | Noticed a nagaraja
  4104 | D        | Noticed a deep elf sorcerer
  4104 | D        | Noticed a nagaraja
  4110 | D        | Noticed a yellow draconian annihilator
  4111 | D        | Killed a sphinx
  4113 | D        | Noticed an ancient lich
  4115 | D        | Killed a nagaraja
  4115 | D        | Killed a deep elf sorcerer
  4115 | D        | Killed an ancient lich
  4115 | D        | Killed a yellow draconian annihilator
  4116 | D        | Killed a nagaraja
  4118 | D        | Noticed a war gargoyle
  4124 | D        | Killed a war gargoyle
  4126 | D        | Noticed a deep elf sorcerer
  4129 | D        | Killed a deep elf sorcerer
  4129 | D        | Noticed a sphinx
  4135 | D        | Killed a sphinx
  4136 | D        | Noticed a nagaraja
  4139 | D        | Reached skill level 1 in Evocations
  4151 | D        | Killed a nagaraja
  4210 | D        | Got the Compendium of Calling
  4457 | D        | Got the Compendium of Dusty Evil Arts
  4462 | D        | Noticed a daeva
  4488 | D        | Killed a daeva
  4687 | D        | Got the Tome of the World
  4695 | D        | Got the Grimoire of Evil
  4717 | D        | Got the Guide on Floating Cold
  4775 | D        | Got the ring of the Devil's Advocate {rN++ MP+9 Slay+5}
  4777 | D        | Got the ring of Pisamm {Contam Fly Str+2 Slay+5}
  4779 | D        | Got the ring of Viqy Ipi {rC+ rN+ Dex+2 SInv}
  4781 | D        | Got the amulet "Ehurhik" {Spirit Harm}
  4783 | D        | Got the amulet of Moodiness {RegenMP rF+}
  4785 | D        | Got the ring "Oxeruc" {Str+3 Int+4 SInv}
  4787 | D        | Got the amulet "Ommamamn" {RegenMP +Blink rPois Int+4}
  4789 | D        | Got the ring "Diog" {rElec rN+ Str-2 Slay+4}
  4791 | D        | Got the ring "Uprueci" {rC+ Str+3 Stlth+}
  4793 | D        | Got the amulet "Titwok" {RegenMP +Inv rC++}
  4795 | D        | Got the ring of Acsi {rCorr Str+5 Dex-2 Slay+5}
  4797 | D        | Got the amulet of Contentment {rElec Regen+ Dex+4}
  4799 | D        | Got the amulet "Rupp" {-Tele rC+ Will+ Regen+}
  4811 | D        | Got the ring of Hamn {Fly rPois}
  4815 | D        | Got the ring of the Magpie {Will+ EV+6}
  4817 | D        | Got the ring of Vizutaoh {AC+6 Str+4 Int+4 Dex-3}
  4819 | D        | Got the ring "Poshucw" {rElec Dex+6}
  4821 | D        | Got the ring of the Komodo Dragon {Int+4 Dex+6}
  4845 | D        | Got the ring of Fragile Peace {rF++ Will+ Int+6}
  4847 | D        | Got the ring "Hodyskun" {rPois rF+ Int+2 Dex+3}
  4849 | D        | Got the ring of Uppozul {rPois Str+3}
  4855 | D        | Got the ring of Wesaxath {Str+6 Int+6 Stlth-}
  4860 | D        | Got the ring "Foicist" {rC+ Will+ Int+6}
  5017 | D        | Noticed Poul the pandemonium lord
  5029 | D        | Killed Poul the pandemonium lord
  5068 | D        | Noticed a black draconian knight
  5074 | D        | Killed a black draconian knight
  5128 | D        | Noticed Lom Lobon
  5154 | D        | Killed Lom Lobon
  5155 | D        | Reached XP level 15. HP: 129/157 MP: 30/30
  5387 | D        | Noticed Woateroz the pandemonium lord
  5398 | D        | Killed Woateroz the pandemonium lord
  5538 | D        | Noticed a titan
  5545 | D        | Killed a titan
  5548 | D        | Noticed an Executioner
  5548 | D        | Noticed a titan
  5548 | D        | Noticed a nagaraja
  5548 | D        | Noticed a titan
  5548 | D        | Noticed an Executioner
  5549 | D        | Killed a nagaraja
  5549 | D        | Killed a titan
  5549 | D        | Killed a titan
  5549 | D        | Killed an Executioner
  5554 | D        | Killed an Executioner
  5675 | D        | Noticed an acid blob
  5680 | D        | Killed an acid blob
  5762 | D        | Noticed an Ice Fiend
  5766 | D        | Killed an Ice Fiend
  6255 | D        | Noticed Margery
  6256 | D        | Noticed Murray
  6271 | D        | Killed Margery
  6282 | D        | Killed Murray
  6410 | D        | Noticed a quicksilver dragon
  6417 | D        | Killed a quicksilver dragon
  6545 | D        | Noticed a Hell Sentinel
  6551 | D        | Killed a Hell Sentinel
  6552 | D        | Reached skill level 10 in Dodging
  6644 | D        | Noticed Sitzic the pandemonium lord
  6663 | D        | Killed Sitzic the pandemonium lord
  6788 | D        | Noticed a deep elf blademaster
  6796 | D        | Killed a deep elf blademaster
  6909 | D        | Noticed a storm dragon
  6909 | D        | Noticed a Killer Klown
  6927 | D        | Killed a storm dragon
  6942 | D        | Killed a Killer Klown
  6943 | D        | Reached XP level 16. HP: 166/172 MP: 32/32
  7098 | D        | Noticed a royal mummy
  7106 | D        | Killed a royal mummy
  7107 | D        | Reached skill level 27 in Invocations
  7145 | D        | Noticed an electric golem
  7145 | D        | Noticed a pearl dragon
  7159 | D        | Killed a pearl dragon
  7159 | D        | Killed an electric golem
  7384 | D        | Noticed an Ice Fiend
  7386 | D        | Noticed the Serpent of Hell
  7388 | D        | Killed an Ice Fiend
  7390 | D        | Killed an Ice Fiend
  7399 | D        | Noticed a quicksilver dragon
  7402 | D        | Killed the Serpent of Hell
  7619 | D        | Noticed Mara
  7619 | D        | Killed Mara
  7620 | D        | Reached skill level 27 in Shields
  7765 | D        | Noticed an electric golem
  7765 | D        | Noticed a titan
  7770 | D        | Killed a titan
  7771 | D        | Reached skill level 27 in Axes
  7780 | D        | Killed an electric golem
  7830 | D        | Noticed a Tzitzimitl
  7842 | D        | Killed a Tzitzimitl
  7843 | D        | Noticed an ancient lich
  7843 | D        | Noticed a Hell Sentinel
  7843 | D        | Noticed an ancient lich
  7853 | D        | Killed a Hell Sentinel
  7854 | D        | Reached skill level 15 in Dodging
  7856 | D        | Killed an ancient lich
  7857 | D        | Reached skill level 5 in Evocations
  7860 | D        | Killed an ancient lich
  7861 | D        | Reached skill level 27 in Fighting
  7863 | D        | Noticed Muehiuj the pandemonium lord
  7872 | D        | Killed Muehiuj the pandemonium lord
  8156 | D        | Got the ring "Vevapruj" {Dex+4 SInv}
  8158 | D        | Got the ring "Edyt" {rN++ Int+6 Slay-6 SInv Stlth+}
  8160 | D        | Got the amulet "Bigah" {Reflect rElec rF- SH+5 SInv Stlth+}
  8176 | D        | Got an iron rune of Zot
  8179 | D        | Got the amulet of Ikubbobb {Reflect Rampage rPois SH+5}
  8196 | D        | Got the ring of Areesub {rPois rC- Str+6 SInv}
  8199 | D        | Got the ring "Ewagrirgh" {rPois rF+ Dex+6 Stlth-}
  8257 | D        | Noticed an ancient lich
  8257 | D        | Noticed an orb of fire
  8259 | D        | Noticed a Killer Klown
  8270 | D        | Killed an orb of fire
  8273 | D        | Killed an ancient lich
  8277 | D        | Killed a Killer Klown
  8423 | D        | Noticed an orb of fire
  8432 | D        | Killed an orb of fire
  8433 | D        | Reached XP level 17. HP: 191/191 MP: 33/33
  8468 | D        | Noticed Ymeufremo the pandemonium lord
  8475 | D        | Killed Ymeufremo the pandemonium lord
  8515 | D        | Noticed Waekh the pandemonium lord
  8529 | D        | Killed Waekh the pandemonium lord
  8688 | D        | Noticed an ancient lich
  8696 | D        | Killed an ancient lich
  8863 | D        | Noticed a titan
  8863 | D        | Noticed a titan
  8863 | D        | Noticed a titan
  8864 | D        | Killed a titan
  8864 | D        | Killed a titan
  8864 | D        | Killed a titan
  8864 | D        | Noticed a titan
  8865 | D        | Reached skill level 27 in Armour
  8865 | D        | Reached skill level 27 in Dodging
  8865 | D        | Found the +8 demon trident "Rift" {distort, reach+}
  8866 | D        | Killed a titan
  8867 | D        | Reached XP level 18. HP: 191/200 MP: 27/34
  8869 | D        | Identified the +10 rapier "Wozetun" {vorpal, rF+}
  8869 | D        | Found the +5 sword of Power {vorpal}
  8929 | D        | Got a golden rune of Zot
  9069 | D        | Noticed a profane servitor
  9071 | D        | Noticed Piowac the pandemonium lord
  9082 | D        | Killed a profane servitor
  9082 | D        | Noticed Dissolution
  9093 | D        | Noticed a Tzitzimitl
  9105 | D        | Noticed an Ice Fiend
  9105 | D        | Killed Dissolution
  9105 | D        | Killed Piowac the pandemonium lord
  9726 | D        | Noticed an electric golem
  9734 | D        | Reached skill level 27 in Evocations
  9739 | D        | Killed an electric golem
  9740 | D        | Reached skill level 1 in Spellcasting
  9740 | D        | Reached skill level 1 in Conjurations
  9740 | D        | Reached skill level 1 in Hexes
  9740 | D        | Reached skill level 1 in Summonings
  9740 | D        | Reached skill level 1 in Necromancy
  9740 | D        | Reached skill level 1 in Translocations
  9740 | D        | Reached skill level 1 in Transmutations
  9740 | D        | Reached skill level 1 in Fire Magic
  9740 | D        | Reached skill level 1 in Air Magic
  9740 | D        | Reached skill level 1 in Earth Magic
  9740 | D        | Reached skill level 1 in Poison Magic
  9835 | D        | Learned a level 6 spell: Statue Form
  9842 | D        | Found the +8 Wrath of Trog {antimagic, *Rage Rampage}
  9905 | D        | Got the ring of the Ban {rF+ rN++ MP+9 Dex-2 Stlth+}
  9907 | D        | Got the ring "Kawninle" {Wiz rElec Will+ Str-3 Dex+7}
  9909 | D        | Got the ring "Wouk" {rPois rF- rN+ Slay+2}
  9911 | D        | Got the ring "Geonausm" {rPois Int+6}
  9913 | D        | Got the ring of Vuof {AC+4 Dex+2}
  9915 | D        | Got the amulet "Suafual" {Reflect Fly rC++ Dex-4 SH+5 SInv}
  9917 | D        | Got the ring "Ruwka" {Fly rC+ Stlth+}
  9925 | D        | Got the amulet of Romuoho {Reflect Dex+4 SH+5}
  9938 | D        | Got the +10 gold dragon scales of the Constellations {rPois
                  | rF+ rC+ MP+9 Str+3 Int+4 Stlth+}
 10057 | D        | Reached skill level 5 in Throwing
 10140 | D        | Noticed an ancient lich
 10140 | D        | Noticed a pearl dragon
 10152 | D        | Killed an ancient lich
 10153 | D        | Reached skill level 5 in Transmutations
 10153 | D        | Reached skill level 5 in Earth Magic
 10157 | D        | Reached skill level 5 in Spellcasting
 10158 | D        | Killed a pearl dragon
 10160 | D        | Reached XP level 19. HP: 207/207 MP: 35/35
 10219 | D        | Noticed Xtahua
 10238 | D        | Killed Xtahua
 10239 | D        | Reached skill level 10 in Throwing
 10241 | D        | Noticed Nikola
 10245 | D        | Noticed a royal mummy
 10261 | D        | Killed a royal mummy
 10267 | D        | Reached skill level 10 in Transmutations
 10267 | D        | Reached skill level 10 in Earth Magic
 10276 | D        | Killed Nikola
 10663 | D        | Noticed Donald
 10676 | D        | Killed Donald
 10677 | D        | Reached skill level 10 in Spellcasting
 10826 | D        | Noticed Boris
 10836 | D        | Reached skill level 15 in Throwing
 10839 | D        | Killed Boris
 10932 | D        | Got the amulet "Ruuq" {Reflect rPois SH+5 SInv}
 10960 | D        | Got the Grimoire of the Compass
 11046 | D        | Got the +0 hat "Zotojie" {rPois Dex+2}
 11150 | D        | Reached skill level 15 in Transmutations
 11150 | D        | Reached skill level 15 in Earth Magic
 11150 | D        | Reached XP level 20. HP: 216/216 MP: 36/36
 11222 | D        | Got the ring of Igez {rPois SInv}
 11227 | D        | Got a silver rune of Zot
 11227 | D        | Got the Tome of the Oath and Weightlessness
 11722 | D        | Noticed Mennas
 11722 | D        | Noticed a pearl dragon
 11722 | D        | Noticed Duoh the pandemonium lord
 11724 | D        | Noticed a curse toe
 11727 | D        | Noticed a royal mummy
 11733 | D        | Killed Duoh the pandemonium lord
 11736 | D        | Killed a pearl dragon
 11744 | D        | Killed Mennas
 11756 | D        | Killed a royal mummy
 11756 | D        | Killed a curse toe
 12068 | D        | Noticed a royal mummy
 12069 | D        | Noticed an ancient lich
 12070 | D        | Reached skill level 15 in Spellcasting
 12072 | D        | Noticed a royal mummy
 12077 | D        | Noticed a royal mummy
 12085 | D        | Noticed Ipick the pandemonium lord
 12095 | D        | Killed a royal mummy
 12103 | D        | Killed an ancient lich
 12105 | D        | Killed Ipick the pandemonium lord
 12109 | D        | Killed a royal mummy
 12117 | D        | Killed a royal mummy
 12333 | D        | Noticed an ancient lich
 12360 | D        | Killed an ancient lich
 12485 | D        | Got the Orb of Zot
 12493 | D        | Noticed Cururaot the pandemonium lord
 12506 | D        | Killed Cururaot the pandemonium lord
 12742 | D        | Escaped with the Orb!

Illustrated notes

Levels and vault maps discovered:
D:        pitsprint [storerooms_1, entrance_room_1, metal_vault_4, armoury_1,
          mini_pit_1, grid_room_1, main_hall_1, silver_pit, the_coven_3,
          the_vestibule_1, steel_vault_4, golden_pit, hallway_of_sentries,
          crystal_vault_1, iron_vault_4, final_vault]

Skill      XL: |  1  2  3  4  5  6  7  8  9 10 11 12 13 14 15 16 17 18 19 20 |
---------------+-------------------------------------------------------------+-----
Fighting       | 4 5 7 8 9 10 11 12 13 15 17 19 20 23 27 | 27.0
Axes           | 3 4 6 7 9 10 13 16 19 20 21 22 25 27 | 27.0
Armour         | 4 5 6 7 8 9 11 12 13 15 16 19 20 21 22 27 | 27.0
Shields        | 4 5 6 8 9 10 11 12 14 16 19 20 22 25 27 | 27.0
Invocations    | 2 3 5 6 7 8 10 11 13 15 19 24 26 27 | 27.0
Dodging        | 1 2 3 4 5 7 10 21 27 | 27.0
Stealth        | 1 |  1.1
Evocations     | 2 4 5 19 27 | 27.0
Short Blades   | 3 |  3.1
Long Blades    | 3 |  3.1
Maces & Flails | 3 |  3.1
Polearms       | 3 |  3.1
Staves         | 3 |  3.2
Slings         | 2 |  2.8
Bows           | 3 |  3.2
Crossbows      | 2 |  2.1
Throwing       | 8 18 23 | 23.7
Unarmed Combat | 2 |  2.1
Spellcasting   | 5 13 17 | 17.4
Conjurations   | 2 |  2.1
Hexes          | 2 |  2.0
Summonings     | 2 |  2.0
Necromancy     | 2 |  2.0
Translocations | 2 |  2.0
Transmutations | 6 15 20 | 20.3
Fire Magic     | 2 |  2.0
Ice Magic      | 3 |  3.2
Air Magic      | 2 |  2.1
Earth Magic    | 6 15 20 | 20.3
Poison Magic   | 2 |  2.1

Action                   |  1- 3 |  4- 6 |  7- 9 | 10-12 | 13-15 | 16-18 | 19-21 || total
-------------------------+-------+-------+-------+-------+-------+-------+-------++-------
Melee: Hand axe          |    26 |    49 |    28 |       |   333 |   273 |   272 ||   981
       War axe           |     2 |       |       |       |       |       |       ||     2
       Headbutt          |     5 |    11 |    15 |    31 |   109 |    70 |    96 ||   337
       Broad axe         |       |       |    35 |   136 |    26 |       |       ||   197
Invok: Disaster Area     |       |       |       |     4 |    10 |    10 |     9 ||    33
       Elemental Force   |       |       |       |       |     2 |       |       ||     2
Evoke: Wand              |       |       |       |       |     6 |     1 |       ||     7
  Use: Potion            |       |       |       |     2 |     6 |     2 |     3 ||    13
       Scroll            |       |       |       |     1 |       |     1 |     2 ||     4
 Stab: Sleeping          |       |       |       |       |       |     1 |       ||     1
Armor: Scale mail        |     2 |       |       |       |       |       |       ||     2
       Chain mail        |       |    21 |     4 |       |       |       |       ||    25
       Plate armour      |       |       |    22 |    95 |    27 |       |       ||   144
       Swamp dragon scal |       |       |       |       |    30 |    30 |       ||    60
       Gold dragon scale |       |       |       |       |       |    49 |    51 ||   100
Dodge: Dodged            |     7 |    10 |    16 |    70 |    42 |    51 |    31 ||   227
       Repelled          |       |       |     1 |     2 |     5 |     7 |     2 ||    17
Block: Buckler           |     9 |    19 |    45 |   136 |    69 |       |       ||   278
       Tower shield      |       |       |       |       |    81 |   191 |   108 ||   380
       Reflection        |       |       |       |       |       |     7 |    15 ||    22
       Kite shield       |       |       |       |       |       |       |   136 ||   136

Table legend: (Time is in decaauts) A = Elapsed time spent in this place. B = Non-inter-level travel time spent in this place. C = Inter-level travel time spent in this place. D = Time resting spent in this place. E = Time spent auto-exploring this place. F = Levels seen in this place. G = Mean time per level. A B C D E F G +--------+--------+--------+--------+--------+-----+--------+ Total | 12662 | 12662 | 0 | 8004 | 753 | 1 | 12662.0 | Dungeon | 12662 | 12662 | 0 | 8004 | 753 | 1 | 12662.0 | +--------+--------+--------+--------+--------+-----+--------+

Top non-repeatable levels by time:
       D: 12662 daAuts
